Map: Pylon LE

Players

Cure

  • Race: Terran Terran
  • Spawn Location: 5:00

herO - Winner!

  • Race: Protoss Protoss
  • Spawn Location: 11:00

VOD

Have the link to the VOD?

Description

GLS 2025

Time

  • Played on: May 16, 2025, 8:44 a.m.
  • Length: 9:34
Show
View Real Time Build Order
Export as new Build Order

Cure Terran 

Build Orders:  

Get SALT Encoding   

  12  0:00  SCV  
  13  0:12  SCV  
  14  0:16  Supply Depot  
  14  0:24  SCV  
  15  0:38  SCV  
  15  0:39  Barracks  
  16  0:50  SCV  
  17  1:02  SCV, Refinery  
  18  1:14  SCV  
  19  1:26  Orbital Command  
  19  1:27  Marine  
  20  1:40  Command Center  
  20  1:49  Supply Depot  
  20  1:51  Barracks Tech Lab  
  20  1:53  SCV  
  21  1:59  Refinery  
  21  2:05  SCV  
  22  2:09  Concussive Shells  
  22  2:11  Marauder  
  24  2:17  SCV  
  25  2:26  Barracks  
  25  2:29  SCV  
  26  2:32  Marauder  
  28  2:40  Factory  
  28  2:42  SCV  
  29  2:53  Orbital Command  
  29  2:56  SCV  
  30  3:00  Barracks Reactor  
  30  3:08  SCV  
  30  3:10  Barracks  
  31  3:14  Barracks Tech Lab  
  31  3:18  SCV  
  32  3:20  SCV  
  33  3:30  Cyclone  
  33  3:32  SCV x2  
  33  3:34  Stimpack  
  38  3:37  Marine x2  
  38  3:38  Marine  
  38  3:41  Supply Depot  
  41  3:44  SCV  
  41  3:45  SCV  
  43  3:54  Engineering Bay  
  43  3:55  Marine x2  
  44  3:56  Marine  
  44  3:58  Barracks Tech Lab  
  44  4:02  SCV x2  
  48  4:07  Siege Tank  
  48  4:09  Supply Depot  
  51  4:16  Marine x3  
  54  4:20  Missile Turret  
  54  4:23  Combat Shield  
  54  4:27  Supply Depot  
  54  4:30  SCV, Marine  
  57  4:31  SCV  
  57  4:34  Marine  
  57  4:35  Marine  
  57  4:36  Marine  
  60  4:44  SCV x2  
  62  4:48  Supply Depot  
  62  4:49  Siege Tank  
  65  4:56  Marine x4, Terran Infantry Weapons Level 1  
  69  5:02  Barracks  
  69  5:06  Barracks  
  69  5:11  Barracks  
  69  5:14  Supply Depot, Marine  
  69  5:21  Siege Tank  
  69  5:22  Marine x2  
  69  5:27  SCV x2  
  73  5:32  Barracks, Marine  
  74  5:40  Marine x2  
  74  5:42  Supply Depot  
  76  5:45  SCV x2  
  76  5:48  Barracks  
  76  5:49  Marine  
  78  5:54  Marine x2  
  79  5:58  Siege Tank, Marine x2  
  79  6:00  SCV x2  
  84  6:04  Marine  
  84  6:07  Marine  
  85  6:12  Marine x2  
  85  6:16  Marine x2  
  89  6:22  Marine  
  89  6:25  Marine  
  90  6:26  Supply Depot  
  90  6:29  Marine  
  90  6:30  Marine x2  
  91  6:34  Marine x2  
  90  6:40  Marine  
  90  6:42  Bunker  
  90  6:45  Bunker, Marine x2  
  92  6:49  Marine x2  
  93  7:01  Marine x4  
  80  7:03  Marine x2  
  81  7:13  Marine x2  
  83  7:19  Marauder  
  85  7:25  Bunker  
  85  7:30  Bunker  
  85  7:32  Marauder  
  85  7:36  Siege Tank  
  88  7:37  Marine x2  
  79  7:46  Bunker  
  79  7:48  Marauder  
  79  7:49  Marine x4  
  85  7:54  Marauder  
  85  7:55  Marine x2  
  78  8:07  Marine x2  
  78  8:09  Marauder  
  78  8:12  Bunker  
  82  8:15  Marauder  
  84  8:22  Marine x2  
  72  8:30  Marauder  
  72  8:33  Siege Tank  
  74  8:37  Marauder  
  75  8:48  Marine x4  
  72  8:52  Marauder  
  72  8:55  Marine  
  73  8:57  Marine  
  73  8:58  Marauder  
  60  9:13  Marine  
Show
View Real Time Build Order
Export as new Build Order

herO Protoss - Winner!

Build Orders: 1 Gate Expand, Blink Stalkers, Chargelot Immortal, Colossus Rush 

Get SALT Encoding   

  12  0:00  Probe  
  13  0:12  Probe  
  14  0:18  Pylon  
  14  0:25  Probe  
  15  0:33  Probe  
  15  0:41  Probe, Gateway  
  17  0:51  Probe, Assimilator  
  18  1:03  Probe  
  19  1:15  Probe  
  20  1:27  Cybernetics Core  
  20  1:35  Nexus  
  20  1:40  Pylon  
  20  1:43  Probe  
  21  1:48  Assimilator  
  21  1:55  Probe  
  21  2:00  Stalker  
  22  2:03  Probe  
  22  2:05  Warp Gate  
  25  2:11  Probe  
  26  2:22  Probe  
  26  2:28  Twilight Council  
  27  2:33  Shield Battery  
  27  2:34  Probe  
  27  2:36  Stalker, Blink  
  30  2:46  Probe  
  30  2:47  Probe  
  32  2:55  Gateway  
  32  2:59  Probe x2  
  34  3:11  Probe x2  
  36  3:23  Probe x2, Robotics Facility  
  38  3:32  Gateway  
  38  3:34  Pylon  
  38  3:37  Probe x2  
  40  3:42  Assimilator  
  40  3:49  Probe x2  
  40  3:53  Stalker x2  
  46  4:01  Probe x2, Pylon  
  48  4:04  Observer  
  48  4:13  Probe x2  
  48  4:16  Stalker  
  53  4:17  Warp Prism  
  53  4:24  Stalker  
  57  4:28  Pylon  
  57  4:30  Stalker  
  59  4:34  Pylon  
  59  4:40  Stalker  
  59  4:44  Shield Battery  
  61  4:47  Stalker, Observer  
  61  4:52  Observer  
  63  4:54  Stalker  
  65  5:01  Robotics Bay  
  65  5:07  Nexus  
  65  5:14  Charge  
  65  5:20  Immortal  
  67  5:32  Shield Battery  
  67  5:33  Gateway  
  67  5:35  Sentry  
  67  5:36  Gateway, Zealot  
  67  5:39  Zealot  
  67  5:41  Probe  
  67  5:42  Probe  
  74  5:55  Colossus  
  74  6:07  Pylon  
  74  6:08  Pylon  
  74  6:13  Shield Battery  
  78  6:22  Zealot x2, Gateway, Sentry  
  78  6:24  Shield Battery  
  78  6:25  Colossus  
  84  6:31  Zealot x2  
  88  6:33  Colossus  
  88  6:44  Zealot x2  
  92  6:47  Zealot  
  92  6:52  Pylon, Zealot x2  
  88  7:06  Zealot x2  
  82  7:12  Stalker x2  
  83  7:16  Gateway  
  83  7:17  Zealot  
  83  7:22  Pylon  
  85  7:26  Stalker x2  
  89  7:33  Immortal  
  82  7:42  Zealot x2  
  76  7:48  Zealot  
  76  7:49  Zealot, Sentry  
  84  8:01  Immortal  
  76  8:05  Zealot x2  
  76  8:08  Zealot  
  76  8:11  Zealot x2  
  90  8:15  Zealot  
  72  8:27  Stalker x2  
  72  8:32  Immortal, Zealot  
  72  8:33  Zealot x2  
  82  8:36  Sentry  
  88  8:54  Zealot x3  
  86  8:58  Zealot  
  86  9:02  Zealot x2  
  76  9:16  Sentry  
  80  9:20  Sentry x2  
Tags
 
Add a new tag
Caveats
  • Supply blocks, unpowered buildings, or Contaminate may cause inaccurate times.
  • Supply counts are checked every 10 seconds.